 Dungeon Crawl Stone Soup version 0.17.0-23-g0de4337 (webtiles) character file.

199 xeno23 the Gusty (level 5, -2/28 HPs)
             Began as a Tengu Air Elementalist on Nov 14, 2015.
             Shot with an arrow by a centaur (10 damage)
             ... on level 5 of the Dungeon.
             The game lasted 00:10:43 (2245 turns).

xeno23 the Gusty (Tengu Air Elementalist)           Turns: 2245, Time: 00:10:43

Health: -2/28      AC:  2    Str: 12    XL:     5   Next: 77%
Magic:  4/11       EV: 12    Int: 17    God:
Gold:   189        SH:  0    Dex: 14    Spells: 3 memorised, 5 levels left

rFire  . . .     SeeInvis +     (no weapon)
rCold  . . .     Clarity  .     a - +0 robe
rNeg   . . .     SustAt   .     (no shield)
rPois  .         Gourm    +     (helmet restricted)
rElec  .         Spirit   .     (no cloak)
rCorr  .         Warding  .     (no gloves)
rMut   .         Stasis   .     (boots unavailable)
MR     .....                    i - amulet of the gourmand
Stlth  ++........               w - ring of see invisible
                                o - +4 ring of strength

@: not resistant to hostile enchantments, unstealthy
A: beak, talons 3, able to fly 1
a: Fly


You were on level 5 of the Dungeon.
You were completely stuffed.

You visited 1 branch of the dungeon, and saw 5 of its levels.

You collected 189 gold pieces.

Inventory:

Armour
 a - a +0 robe (worn)
Jewellery
 i - an amulet of the gourmand (around neck)
 o - a +4 ring of strength (left hand)
 w - a ring of see invisible (right hand)
Wands
 q - a wand of paralysis (18)
 r - a wand of magic darts (2)
 y - a wand of lightning (11)
Scrolls
 g - a scroll of remove curse
 k - 2 scrolls of recharging
 s - a scroll of random uselessness {unknown}
Potions
 j - a potion of heal wounds
 l - a potion of brilliance {unknown}
 m - a potion of cancellation {unknown}
 n - a potion of might {unknown}
 t - a potion of mutation {unknown}
 v - a potion of curing {unknown}
Books
 b - a book of Air

   Spells                             Type                      Level
   a - Shock                          Conjuration/Air              1
   b - Swiftness                      Charms/Air                   2
   c - Repel Missiles                 Charms/Air                   2
   d - Static Discharge               Conjuration/Air              3
   e - Lightning Bolt                 Conjuration/Air              5
Comestibles
 c - 4 bread rations
 d - 4 fruits
 f - a slice of pizza
 p - a meat ration
 u - 3 chunks of flesh


   Skills:
 + Level 0.4 Fighting
 - Level 2.1 Dodging
 - Level 2.0 Stealth
 + Level 0.4 Unarmed Combat
 + Level 3.4 Spellcasting
 + Level 2.8 Conjurations
 + Level 0.1 Charms
 + Level 6.3 Air Magic


You had 5 spell levels left.
You knew the following spells:

 Your Spells              Type           Power        Failure   Level  Hunger
a - Shock                 Conj/Air       ###.         2%          1    None
b - Swiftness             Chrm/Air       ##......     10%         2    ##.....
r - Repel Missiles        Chrm/Air       ##....       10%         2    ##.....


Dungeon Overview and Level Annotations

Branches:
Dungeon (5/15)
 Temple: D:4-7

Altars:
Ru

Annotations:
D:3 septik's ghost, amateur GrGl
D:4 xeno23's ghost, amateur TeAE


Innate Abilities, Weirdness & Mutations

You have a beak for a mouth.
You have claws for feet.
You can fly.


Message History

Drop what? 24/52 slots (_ for help) (? for menu, Esc to quit)
You drop a scroll of noise.
Read which item? (? for menu, Esc to quit)
As you read the scroll labeled WEAMYA KALINN, it crumbles to dust.
You feel as if something is helping you.
It was a scroll of remove curse.
Drop what? 23/52 slots (_ for help) (? for menu, Esc to quit)
You are now empty-handed.
You drop a -3 dagger.
Put on which piece of jewellery? (? for menu, Esc to quit)
Okay, then.
A centaur comes into view. It is wielding a hand axe.
The centaur shouts!
The centaur unwields an uncursed hand axe.
The centaur wields a shortbow.
The centaur shoots an arrow.
The arrow hits you.
* * * LOW HITPOINT WARNING * * *
You see here an arrow.
You take 3 damage.
Okay, then.
The centaur shoots an arrow.
The arrow hits you!
You die...

#.).# ..
#...# #.
##.## #. #.#
#. #.# #.#
#.#
#.######.###.
#..@.(....c..
########..###
... #


You could see a centaur.

Vanquished Creatures
  2 orc wizards (D:5)
  Natasha (thrice) (D:2)
  4 adders (D:2)
  2 worms (D:2)
  A giant gecko (D:2)
  3 orcs (D:5)
  2 ball pythons
  7 bats
  8 goblins
  6 hobgoblins
  6 jackals
  6 kobolds
  4 giant cockroaches
  4 giant newts
  8 rats
66 creatures vanquished.

Notes
Turn   | Place    | Note
--------------------------------------------------------------
     0 | D:1      | xeno23 the Tengu Air Elementalist began the quest for the Orb.
     0 | D:1      | Reached XP level 1. HP: 10/10 MP: 4/4
    53 | D:1      | Reached XP level 2. HP: 15/15 MP: 0/6
    70 | D:1      | Learned a level 2 spell: Swiftness
   637 | D:2      | Learned a level 2 spell: Repel Missiles
   655 | D:2      | Reached skill level 5 in Air Magic
   655 | D:2      | Reached XP level 3. HP: 16/19 MP: 2/7
  1047 | D:2      | Noticed Natasha
  1061 | D:2      | Killed Natasha
  1061 | D:2      | Reached XP level 4. HP: 22/24 MP: 0/9
  1367 | D:2      | Gained mutation: You can fly. [Tengu growth]
  1367 | D:2      | Reached XP level 5. HP: 26/28 MP: 1/10
  1472 | D:2      | Noticed Natasha
  1478 | D:2      | Killed Natasha
  1786 | D:2      | Noticed Natasha
  1789 | D:2      | Killed Natasha
  1888 | D:3      | Reached skill level 6 in Air Magic
  1954 | D:3      | Noticed septik's ghost (amateur GrGl)
  2082 | D:4      | Noticed xeno23's ghost (amateur TeAE)
  2097 | D:5      | Entered Level 5 of the Dungeon
  2103 | D:5      | Noticed a phantom
  2181 | D:5      | Found a sacrificial altar of Ru.
  2243 | D:5      | Noticed a centaur
  2245 | D:5      | Shot with an arrow by a centaur

Action                   |  1- 3 |  4- 6 || total
-------------------------+-------+-------++-------
Melee: Unarmed           |    24 |    14 ||    38
 Cast: Shock             |    62 |    66 ||   128
       Repel Missiles    |     1 |       ||     1
 Abil: Fly               |       |     1 ||     1
  Use: Scroll            |       |     7 ||     7
  Eat: Chunk             |     9 |     6 ||    15
